 Dungeon Crawl Stone Soup version 0.14-a0-3109-ga7442b6 (webtiles) character file.

148 Quh the Grave Robber (level 3, -15/20 HPs)
             Began as a Deep Elf Necromancer on Mar 6, 2014.
             Killed from afar by a bat skeleton (35 damage)
             ... with an exploding inner flame
             ... animated by the player character
             ... on Level 2 of the Dungeon on Mar 7, 2014.
             The game lasted 00:13:59 (2597 turns).

Quh the Grave Robber (Deep Elf Necromancer)         Turns: 2597, Time: 00:13:59

HP -15/20        AC  2     Str  6      XL: 3   Next: 50%
MP  12/12        EV 12     Int 19      God:
Gold 100         SH  0     Dex 12      Spells:  3 memorised,  5 levels left

rFire  . . .     SeeInvis .     (no weapon)
rCold  . . .     Clarity  .     a - +0 robe
rNeg   . . .     Conserve .     (no shield)
rPois  .         rCorr    .     (no helmet)
rElec  .         rRot     .     (no cloak)
SustAb . .       Spirit   .     (no gloves)
rMut   .         Warding  .     (no boots)
Saprov . . .     Stasis   .     (no amulet)
MR     .....                    (no ring)
                                f - cursed -3 ring of dexterity

@: not resistant to hostile enchantments, fairly stealthy
A: no striking features
a: no special abilities


You were on level 2 of the Dungeon.
You were not hungry.

You visited 1 branch of the dungeon, and saw 2 of its levels.

You collected 100 gold pieces.

Inventory:

Hand weapons
 i - a +0,+0 dagger
Armour
 a - a +0 robe (worn)
 m - a +0 cloak
Comestibles
 c - a bread ration
 l - 2 rotting chunks of quokka flesh
 o - an apple
 p - a rotting chunk of bat flesh
 q - a rotting chunk of bat flesh
 r - a rotting chunk of rat flesh
 s - a rotting chunk of bat flesh
 u - a meat ration
Scrolls
 d - a scroll of recharging {unknown}
 g - a scroll of remove curse {unknown}
 j - a scroll of identify {unknown}
 k - a scroll of teleportation {unknown}
 n - a scroll of enchant weapon II {unknown}
 t - a scroll of noise {unknown}
Jewellery
 f - a cursed -3 ring of dexterity (left hand)
Potions
 h - a potion of agility {unknown}
 v - 2 potions of heal wounds {unknown}
Books
 b - a book of Necromancy

   Spells                             Type                      Level
   *Pain                              Necromancy                   1
   *Animate Skeleton                  Necromancy                   1
   Lethal Infusion                    Charms/Necromancy            2
   Vampiric Draining                  Necromancy                   3
   *Regeneration                      Charms/Necromancy            3
   Animate Dead                       Necromancy                   4
   Control Undead                     Necromancy                   4


   Skills:
 + Level 1.0 Fighting
 - Level 2.4 Dodging
 - Level 2.7 Stealth
 - Level 4.0 Spellcasting
 * Level 0.0 Charms
 * Level 5.4 Necromancy


You had 5 spell levels left.
You knew the following spells:

 Your Spells              Type           Power        Failure   Level  Hunger
a - Pain                  Necr           ###.         1%          1    None
b - Animate Skeleton      Necr           N/A          1%          1    None
c - Regeneration          Chrm/Necr      ##........   14%         3    ###....


Dungeon Overview and Level Annotations

Branches:
Dungeon (2/16)

Altars:
Kikubaaqudgha


Message History

You swap places.
Your bat skeleton barely misses something.
Something bites your bat skeleton.
Your bat skeleton hits something but does no damage.
Your bat skeleton barely misses the quokka.
The quokka bites your bat skeleton.
Your bat skeleton barely misses the quokka.
Your bat skeleton closely misses the quokka.
Your bat skeleton hits the quokka but does no damage.
The quokka barely misses your bat skeleton.
You swap places.
The quokka closely misses you.
You swap places.
Your bat skeleton closely misses the quokka.
Your bat skeleton hits the quokka.
The quokka bites your bat skeleton.
Your bat skeleton explodes!
The fiery explosion engulfs the quokka.
The quokka dies!
The fiery explosion engulfs you!
Ouch! That really hurt!
You die...

#..#.###.....
#..#.###.#... ###
#......#...#. ..#
####.#.#..... #.#
####.#.#....# #.#
#......#..... #§#
#.##.###....#
##§####.##........#
#§@§....#######...#
##.###### #.... #.#
#.#.. #.# #.### #.#
#.### ### #....
#.### #.# ###


There were no monsters in sight!

Vanquished Creatures
  An adder (D:2)
  2 giant geckos
  A ball python (D:1)
  2 giant cockroaches (D:1)
  5 goblins
  2 hobgoblins (D:1)
  A quokka (D:2)
  4 bats
  3 giant newts
  A giant newt zombie (D:1)
  A hobgoblin zombie (D:1)
  2 jackals (D:2)
  3 kobolds (D:2)
  9 rats
37 creatures vanquished.

Vanquished Creatures (collateral kills)
  2 goblins
  A quokka (D:2)
  A rat (D:2)
4 creatures vanquished.

Vanquished Creatures (others)
  A bat skeleton (D:2)
  A goblin skeleton (D:1)
  A hobgoblin skeleton (D:1)
  A jackal skeleton (D:2)
  A rat skeleton (D:2)
5 creatures vanquished.

Grand Total: 46 creatures vanquished

Notes
Turn   | Place    | Note
--------------------------------------------------------------
     0 | D:1      | Quh, the Deep Elf Necromancer, began the quest for the Orb.
     0 | D:1      | Reached XP level 1. HP: 10/10 MP: 5/5
   717 | D:1      | Learned a level 1 spell: Animate Skeleton
   729 | D:1      | Reached skill level 5 in Necromancy
   883 | D:1      | Reached XP level 2. HP: 13/15 MP: 6/8
  1778 | D:2      | Upgraded the game from 0.14-a0-2986-gd1872aa to 0.14-a0-3109-ga7442b6
  1824 | D:2      | Reached XP level 3. HP: 12/20 MP: 5/11
  2391 | D:2      | Reached skill level 1 in Fighting
  2433 | D:2      | Found an ancient bone altar of Kikubaaqudgha.
  2577 | D:2      | Learned a level 3 spell: Regeneration
  2597 | D:2      | Killed from afar by a bat skeleton

Action                   || total
-------------------------++-------
Melee: Unarmed           ||    36
 Cast: Pain              ||    50
       Animate Skeleton  ||     7
  Use: Scroll            ||     2
